 Dungeon Crawl Stone Soup version 0.30-a0-46-g5a63ccc183 (webtiles) character file.

Game seed: 14618133391128966111

15 ytrimaz the Shield-Bearer (level 2, -2/24 HPs)
             Began as a Formicid Fighter on Sept 2, 2022.
             Succumbed to a kobold's poison
             ... on level 1 of the Dungeon.
             The game lasted 00:00:39 (275 turns).

ytrimaz the Shield-Bearer (Formicid Fighter)         Turns: 275, Time: 00:00:40

Health: -2/24      AC:  6    Str: 20    XL:     2   Next: 65%
Magic:  2/2        EV:  9    Int:  7    God:
Gold:   0          SH:  5    Dex: 13    Spells: 1/1 levels left

rFire   . . .      SeeInvis +    a - +0 war axe {axe}
rCold   . . .      Faith    .    c - +0 buckler
rNeg    . . .      Spirit   .    b - +0 scale mail
rPois   .          Reflect  .    (helmet unavailable)
rElec   .          Harm     .    (no cloak)
rCorr   .          Rampage  .    (no gloves)
Will    .....                    (no boots)
Stlth   ..........               (no amulet)
HPRegen 0.08/turn                (no ring)
MPRegen 0.08/turn                (no ring)

@: mighty, lethally poisoned (-2 -> -17)
A: permanent stasis, dig shafts and tunnels, antennae 3, four strong arms
a: Dig, Shaft Self


You were on level 1 of the Dungeon.
You visited 1 branch of the dungeon, and saw 1 of its levels.


Innate Abilities, Weirdness & Mutations

You cannot be hasted, slowed, berserked, paralysed or teleported.
You can dig through walls and to a lower floor.
You have a pair of large antennae on your head. (SInv)
Your four strong arms can wield two-handed weapons with a shield.


   Skills:
 + Level 3.5 Fighting
 * Level 2.6 Axes
 + Level 3.5 Armour
 - Level 4.0 Shields


You had one spell level left.
You didn't know any spells.
Your spell library was empty.

Inventory:

Hand Weapons
 a - a +0 war axe (weapon) {axe}
Missiles
 f - 8 stones {throwing}
Armour
 b - a +0 scale mail (worn)
 c - a +0 buckler (worn)
Scrolls
 g - a scroll of blinking {unknown}

Dungeon Overview and Level Annotations

Branches:
Dungeon (1/15) Zot: 5708

Altars:

.##..#.##..#.##..#.##.
#..##.#..##)#..##.#. ##.
..##....##....# #
..##.#..##.#..##.# ##.
#.##..#.##..#.##..
..##....##....##....#
#..#.##..#.##..#.##.
.##.#..##.#..##.#..##.#.
.......@.)...##########.
###...).####..##########
......... .............
####..#### ##.##########
#... .. ..... ... .....
.... ...## ....


There were no monsters in sight!


Message History

You hit the bat. The bat barely misses you.
You hit the bat.
You kill the bat!
No target in view!
No target in view!
Unknown command.
No target in view!
You sense a monster nearby.
A rat comes into view.
A rat is nearby!
A rat is nearby!
The rat barely misses you.
You completely miss the rat. The rat barely misses you.
You block the rat's attack. You block the rat's attack.
You slash the rat!
You kill the rat!
You see here a rat corpse.
A goblin comes into view. It is wielding a +0 club.
You see here a +0 mace {mace}.
A goblin is nearby!
A goblin is nearby!
You block the goblin's attack.
You hit the goblin. The goblin hits you but does no damage.
The goblin hits you with a +0 club. 😕 HP[-2]
You take 2 damage, and now have 22/24 hp.
You slash the goblin!
You kill the goblin!
You see here a +0 club {mace}.
Key pressed, stopping explore. 😎 HP[+2]
Your hp is fully restored (24).
Key pressed, stopping explore.
Key pressed, stopping explore.
You sense a monster nearby.
A kobold comes into view. It is wielding a +0 dagger.
The kobold shouts!
A kobold is nearby!
A kobold is nearby!
The kobold barely misses you.
You hit the kobold but do no damage. The kobold hits you but does no damage.
You slash the kobold!
You kill the kobold!
A kobold comes into view. It is wielding a +0 whip of venom.
A kobold is nearby!
The kobold throws a stone.
The stone barely misses you.
Things that are here:
a +0 dagger {short}; a kobold corpse A kobold is nearby!
A kobold is nearby!
The kobold hits you with a +0 whip of venom.
You are poisoned. 😕 HP[-1]
You take 1 damage, and now have 23/24 hp.
You barely miss the kobold.
You feel very sick.
The kobold hits you with a +0 whip of venom.
You are more poisoned. 😮 HP[-8]
You take 8 damage, and now have 15/24 hp.
MASSIVE DAMAGE!! (PAUSE)
You closely miss the kobold.
* * * LOW HITPOINT WARNING * * *
You feel very sick.
The kobold hits you but does no damage. 😨 HP[-4]
You take 4 damage, and now have 11/24 hp.
You hit the kobold.
* * * LOW HITPOINT WARNING * * *
You feel very sick. The kobold hits you but does no damage.
You block the kobold's attack. 😨 HP[-3]
You take 3 damage, and now have 8/24 hp.
Unknown command.
Unknown command.
It was a potion of berserk rage.
Your stasis prevents you from going berserk.
* * * LOW HITPOINT WARNING * * *
You feel sick. The kobold barely misses you. 😱 HP[-2]
You take 2 damage, and now have 6/24 hp.
Unknown command.
You feel very mighty all of a sudden.
* * * LOW HITPOINT WARNING * * *
You feel sick. The kobold barely misses you. 😱 HP[-1]
You take 1 damage, and now have 5/24 hp.
Unknown command.
You miss the kobold.
* * * LOW HITPOINT WARNING * * *
You feel sick.
The kobold hits you with a +0 whip of venom.
* * * LOW HITPOINT WARNING * * *
You are more poisoned. 😱 HP[-3]
You take 3 damage, and now have 2/24 hp.
You slash the kobold!
You kill the kobold!
You die...

Action                   || total
-------------------------++-------
Melee: War axe           ||    42
  Use: Potion            ||     2
Armor: Scale mail        ||    17
Dodge: Dodged            ||    27
Block: Buckler           ||     9

Levels and vault maps discovered:
D:1:      minmay_arrival_jagged, layout_rooms,
          hellmonk_ecumenical_altar_crossroads, serial_shops, shop,
          nicolae_eternal_life

Notes
Turn   | Place    | Note
-------+----------+-------------------------------------------
     0 | D:1      | ytrimaz the Formicid Fighter began the quest for the Orb.
     0 | D:1      | Reached XP level 1. HP: 18/18 MP: 1/1
     0 | D:1      | magus.rc [v1.9.6]
    77 | D:1      | Reached XP level 2. HP: 21/24 MP: 2/2
   272 | D:1      | HP: 6/24 [poisoned by a kobold]
   274 | D:1      | HP: 2/24 [kobold/+0 whip of venom (2)]
   275 | D:1      | Succumbed to a kobold's poison

Vanquished Creatures
  A dart slug (D:1)
  A bat (D:1)
  A goblin (D:1)
  A hobgoblin (D:1)
  2 quokkas (D:1)
  4 kobolds (D:1)
  3 rats (D:1)
13 creatures vanquished.

Table legend:
 A = Non-vault XP
 B = Vault XP
 C = Vault XP percentage of total XP
 D = Non-vault monster count
 E = Vault monster count
 F = Vault count percentage of total count
                 A         B        C        D         E       F
            +---------+---------+-------+---------+---------+-------
      Total |      24 |       0 |   0.0 |      13 |       0 |   0.0
            +---------+---------+-------+---------+---------+-------
        D:1 |      24 |       0 |   0.0 |      13 |       0 |   0.0
            +---------+---------+-------+---------+---------+-------

Illustrated notes

Table legend:
 A = Kills in this place as a percentage of kills in entire the game.
 B = Kills by you in this place as a percentage of kills by you in the entire game.
 C = Kills by friends in this place as a percentage of kills by friends in the entire game.
 D = Other kills in this place as a percentage of other kills in the entire game.
 E = Experience gained in this place as a percentage of experience gained in the entire game.
 F = Experience gained in this place divided by the number of levels of this place that you have seen.
                   A       B       C       D       E      F
               +-------+-------+-------+-------+-------+----------------------
         Total | 100.0 | 100.0 |   N/A |   N/A | 100.0 |  24.0
       Dungeon | 100.0 | 100.0 |   N/A |   N/A | 100.0 |  24.0
               +-------+-------+-------+-------+-------+----------------------

Table legend: (Time is in decaauts)
 A = Elapsed time spent in this place.
 B = Non-inter-level travel time spent in this place.
 C = Inter-level travel time spent in this place.
 D = Time resting spent in this place.
 E = Time spent auto-exploring this place.
 F = Levels seen in this place.
 G = Mean time per level.
                   A        B        C        D        E       F      G
               +--------+--------+--------+--------+--------+-----+--------+
         Total |    291 |    291 |      0 |      0 |    167 |   1 |  291.0 |
       Dungeon |    291 |    291 |      0 |      0 |    167 |   1 |  291.0 |
               +--------+--------+--------+--------+--------+-----+--------+

Top non-repeatable levels by time:
     D:1: 291 daAuts
